 Dungeon Crawl Stone Soup version bcrawl-1.27.6 (webtiles) character file.

Game seed: 17958504150205287674

347434 Freyura the Cudgeler (level 9, -14/62 HPs)
             Began as a Demonspawn Gladiator on Sept 7, 2020.
             Was a Follower of Makhleb.
             Killed from afar by Harold (22 damage)
             ... with a bolt of fire
             ... on level 8 of the Dungeon on Sept 9, 2020.
             The game lasted 00:17:07 (5874 turns).

Freyura the Cudgeler (Demonspawn Gladiator)         Turns: 5874, Time: 00:17:08

Health: -14/62     AC: 13    Str: 21    XL:     9   Next: 83%
Magic:  12/12      EV: 13    Int: 10    God:    Makhleb [*.....]
Gold:   673        SH: 11    Dex: 23    Spells: 8/8 levels left

rFire    . . .     SeeInvis .   f - +1 whip (elec)
rCold    . . .     Gourm    .   G - +2 buckler {AC+3}
rNeg     . . .     Faith    .   u - +0 scale mail
rPois    .         Spirit   .   (helmet restricted)
rElec    .         Reflect  .   o - +2 cloak
rCorr    .         Harm     .   (no gloves)
MR       .....                  (no boots)
Stlth    +.........             y - amulet of rage
HPRegen  0.20/turn              j - +6 ring of dexterity
MPRegen  0.13/turn              t - +6 ring of strength

@: no status effects
A: horns 1, large bone plates 1, frail 1, high mp 1, powered by death 2, powered
by pain 1
a: Renounce Religion, Evoke Berserk Rage


You were on level 8 of the Dungeon.
You worshipped Makhleb.
Makhleb was aware of your devotion.
You were not hungry.

You visited 2 branches of the dungeon, and saw 9 of its levels.

You collected 673 gold pieces.

Inventory:

Hand Weapons
 a - a +0 quarterstaff
 f - a +1 whip of electrocution (weapon)
Missiles
 d - 3 throwing nets {=f}
Armour
 c - a +1 ring mail
 o - a +2 cloak (worn)
 u - a +0 scale mail (worn)
 D - the cursed +0 chain mail of Ruippo Qisi {*Contam rN+ Slay+2, unknown}
   (You found it on level 7 of the Dungeon)

   It affects your accuracy and damage with ranged weapons and melee attacks
   (+2).
   It protects you from negative energy.
   It causes magical contamination when unequipped.
   It has a curse placed upon it.
 G - a +2 buckler of protection (worn)
Jewellery
 j - a +6 ring of dexterity (left hand)
 k - an uncursed ring of protection from cold
 t - a +6 ring of strength (right hand)
 x - an uncursed ring of flight
 y - an amulet of rage (around neck)
 A - a +5 ring of dexterity
Wands
 n - a wand of flame (17)
 z - a wand of disintegration (14)
Scrolls
 g - a scroll of fog
 h - 4 scrolls of teleportation
 m - 6 scrolls of identify
 q - 2 scrolls of blinking
 r - 5 scrolls of remove curse
 w - 4 scrolls of enchant armour
 B - 2 scrolls of immolation
 C - a scroll of enchant weapon {unknown}
Potions
 b - 2 potions of flight
 i - 2 potions of agility
 l - 7 potions of curing
 p - 2 potions of haste
 s - a potion of might
 v - 2 potions of resistance
 F - a potion of brilliance {unknown}
Comestibles
 e - 13 rations {!d}
 E - 6 chunks of flesh


   Skills:
 + Level 6.2 Fighting
 * Level 7.5(7.8) Maces & Flails
 - Level 3.0(5.7) Staves
 - Level 1.7 Throwing
 + Level 5.3 Armour
 + Level 6.0 Dodging
 + Level 3.6 Invocations
 + Level 3.0 Evocations


You had 8 spell levels left.
You didn't know any spells.
Your spell library contained the following spells:

 Spells                   Type           Power        Failure   Level  Hunger
 Animate Skeleton         Necr           N/A          95%         1    None
 Pain                     Necr           #.....       95%         1    None
 Summon Small Mammal      Summ           #...         95%         1    None
 Call Imp                 Summ           #.....       99%         2    ####...
 Call Canine Familiar     Summ           #.......     100%        3    #####..
 Regeneration             Chrm/Necr      #.........   100%        3    #####..
 Vampiric Draining        Necr           #.........   100%        3    #####..
 Animate Dead             Necr           N/A          100%        4    ######.
 Summon Ice Beast         Ice/Summ       #.......     100%        4    ######.
 Bolt of Draining         Conj/Necr      #.........   100%        5    #######
 Summon Lightning Spire   Summ/Air       #.......     100%        5    #######


Dungeon Overview and Level Annotations

Branches:
Dungeon (8/12)             Temple (1/1) D:6            Lair (0/6) D:8
    Orc: D:8-11

Altars:
Dithmenos
Elyvilon
Fedhas
Kikubaaqudgha
Lugonu
Makhleb
Qazlal
Ru
Sif Muna
Trog
Uskayaw
Vehumet
Wu Jian
Yredelemnul
The Shining One

Shops:
D:4 %   D:6 }=(?(   D:7 ?

Annotations:
D:3 2 transporters, FIQ's ghost, amateur DsAc
D:8 Harold


Innate Abilities, Weirdness & Mutations

You have a pair of small horns on your head.
You are partially covered in large bone plates. (SH +4)
You regenerate health from kills.
You sometimes gain a little power by taking damage.
You are frail. (-10% HP)
You have an increased reservoir of magic. (+10% MP)


Message History

* * * LOW HITPOINT WARNING * * *
Harold freezes you.
* * * LOW HITPOINT WARNING * * *
You hit Harold but do no damage.
Harold is severely wounded.
Harold casts a spell.
Harold blinks!
Harold mumbles some strange words.
Harold blinks!
You block Harold's attack.
Found a staircase to the Lair.
Harold shouts, "Can you die now?
I had plans for the rest of the day!"
You block Harold's attack. Harold blocks your attack.
You headbutt Harold.
Harold is severely wounded.
You completely miss Harold. Harold blocks your attack.
Harold is severely wounded.
Harold points at you and mumbles some strange words.
The bolt of fire hits you!!
You die...

### ##......#..##.....
#...#[..........#...###
#.........#...#.......##..
#........######...........
##.#...††....##...(..#....
#.#....#.........)[##....
# ##......†........#.....
#.#..PPP÷.............
#...).....P@@.........
#....PP|PP.P.P..........
.PP.PP.P..PPP.P...###..#
...PPP.PP.PPPP..P..# ..#
.PPPP..P..PPP.P...... ..


PPPP.PPPPP.P..PPPP.... P.PPPP.P.PPPP....... .>P.P.PPP.P..... You could see
Harold.

Vanquished Creatures
  Pikel (D:4)
  A troll (D:7)
  Sigmund (D:3)
  2 yaks (D:8)
  A human (shapeshifter) (D:5)
  A crocodile (D:8)
  2 porcupines (D:8)
  An ice beast (D:5)
  An orc warrior (D:7)
  2 black bears (D:8)
  A phantom (D:4)
  2 ogres
  2 centaurs (D:7)
  2 bullfrogs
  4 scorpions
  A howler monkey (D:8)
  A crimson imp (D:5)
  A quasit (D:8)
  A bullfrog zombie (D:5)
  A jelly (D:4)
  2 hounds
  A gnoll shaman (D:3)
  8 orc wizards
  6 worker ants
  Terence (D:3)
  2 hound zombies (D:7)
  A worker ant zombie (D:4)
  9 adders
  2 shadow imps
  An ooze (D:3)
  2 adder zombies
  2 adder skeletons (D:4)
  3 worms
  4 dart slugs
  11 leopard geckos
  6 orcs
  5 giant cockroaches
  4 goblins
  3 hobgoblins
  8 jackals
  10 kobolds
  6 quokkas
  4 ball pythons
  7 bats
  2 frilled lizards (D:2)
  A quokka skeleton (D:6)
  A quokka zombie (D:5)
  3 rats
144 creatures vanquished.

Vanquished Creatures (others)
  A crimson imp (D:4)
  2 fungi (D:8)
3 creatures vanquished.

Grand Total: 147 creatures vanquished

Notes
Turn   | Place    | Note
-------+----------+-------------------------------------------
     0 | D:1      | Freyura the Demonspawn Gladiator began the quest for the
                  | Orb.
     0 | D:1      | Reached XP level 1. HP: 16/16 MP: 1/1
    28 | D:1      | Gained mutation: You are partially covered in large bone
                  | plates. (SH +4) [demonic ancestry]
    28 | D:1      | Reached XP level 2. HP: 18/22 MP: 2/2
   282 | D:1      | Gained mutation: You have a pair of small horns on your
                  | head. [demonic ancestry]
   282 | D:1      | Reached XP level 3. HP: 25/28 MP: 3/3
   349 | D:1      | Reached skill level 1 in Armour
   567 | D:1      | Reached skill level 1 in Maces & Flails
  1116 | D:2      | Reached XP level 4. HP: 31/34 MP: 4/4
  1582 | D:3      | Noticed Sigmund
  1594 | D:3      | Killed Sigmund
  1594 | D:3      | Reached skill level 2 in Maces & Flails
  1594 | D:3      | Reached XP level 5. HP: 10/41 MP: 5/5
  1594 | D:3      | Gained mutation: You regenerate a little health from kills.
                  | [demonic ancestry]
  1594 | D:3      | Reached XP level 6. HP: 11/47 MP: 6/6
  1712 | D:3      | Reached skill level 3 in Maces & Flails
  2036 | D:3      | Noticed Terence
  2046 | D:3      | Killed Terence
  2076 | D:3      | Found a transporter.
  2077 | D:3      | Found a transporter.
  2077 | D:3      | Noticed FIQ's ghost (amateur DsAc)
  2448 | D:4      | Found a glowing golden altar of the Shining One.
  2452 | D:4      | Reached XP level 7. HP: 53/53 MP: 7/7
  2495 | D:4      | Found Zann's Food Boutique.
  2718 | D:4      | Reached skill level 4 in Maces & Flails
  2863 | D:4      | Noticed Pikel
  2875 | D:4      | Killed Pikel
  2875 | D:4      | Reached skill level 5 in Maces & Flails
  2875 | D:4      | Gained mutation: You sometimes gain a little power by
                  | taking damage. [demonic ancestry]
  2875 | D:4      | Reached XP level 8. HP: 56/61 MP: 8/8
  3142 | D:4      | Gained mutation: You are frail. (-10% HP) [potion of
                  | mutation]
  3142 | D:4      | Gained mutation: You have an increased reservoir of magic.
                  | (+10% MP) [potion of mutation]
  3151 | D:5      | Entered Level 5 of the Dungeon
  3244 | D:5      | Found a blossoming altar of Fedhas.
  3597 | D:5      | Reached skill level 5 in Fighting
  3597 | D:5      | Reached skill level 5 in Dodging
  3612 | D:5      | Reached skill level 6 in Maces & Flails
  3972 | D:5      | Found a shimmering blue altar of Sif Muna.
  4399 | D:6      | Found Lasi's Weapon Boutique.
  4437 | D:6      | Found Urimusex's Jewellery Shop.
  4530 | D:6      | Found a staircase to the Ecumenical Temple.
  4550 | Temple   | Entered the Ecumenical Temple
  4630 | Temple   | Became a worshipper of Makhleb the Destroyer
  4718 | D:6      | Found Pamosoel's Gadget Shop.
  4808 | D:6      | Found Luiniac's Magic Scroll Boutique.
  4826 | D:6      | Found Fufusef's Antique Weapon Shoppe.
  4956 | D:7      | Reached skill level 1 in Evocations
  4956 | D:7      | Gained mutation: You regenerate health from kills. [demonic
                  | ancestry]
  4956 | D:7      | Reached XP level 9. HP: 41/61 MP: 10/10
  5005 | D:7      | Found a shadowy altar of Dithmenos.
  5018 | D:7      | Reached skill level 1 in Invocations
  5054 | D:7      | Got a translucent chain mail
  5225 | D:7      | Found Jushagh's Magic Scroll Emporium.
  5288 | D:7      | Noticed a troll
  5301 | D:7      | Killed a troll
  5666 | D:7      | Found a stormy altar of Qazlal.
  5666 | D:7      | Found an ornate altar of the Wu Jian Council.
  5734 | D:8      | Reached skill level 7 in Maces & Flails
  5758 | D:8      | Reached skill level 5 in Armour
  5824 | D:8      | Reached * piety under Makhleb
  5851 | D:8      | Noticed Harold
  5871 | D:8      | Found a staircase to the Lair.
  5874 | D:8      | Killed from afar by Harold

Skill      XL: |  1  2  3  4  5  6  7  8  9 |
---------------+----------------------------+-----
Staves         | 3 |  3.0
Dodging        | 3 4 5 6 |  6.0
Armour         | 1 2 3 4 5 |  5.3
Maces & Flails | 1 2 3 5 6 7 |  7.5
Fighting       | 3 4 5 6 |  6.2
Evocations     | 1 3 |  3.0
Invocations    | 3 |  3.6
Throwing       | |  1.7

Action                   |  1- 3 |  4- 6 |  7- 9 || total
-------------------------+-------+-------+-------++-------
Melee: Quarterstaff      |    25 |       |       ||    25
       Whip              |    73 |    78 |   262 ||   413
       Headbutt          |     7 |    23 |    91 ||   121
  Use: Scroll            |     5 |     6 |     8 ||    19
       Potion            |       |       |     1 ||     1
 Stab: Sleeping          |     4 |       |       ||     4
  Eat: Chunk             |     3 |     5 |    17 ||    25
Armor: Leather armour    |     6 |       |       ||     6
       Ring mail         |    23 |    18 |       ||    41
       Scale mail        |       |     1 |    83 ||    84
Dodge: Dodged            |    61 |    21 |   127 ||   209
Block: Other             |    13 |     7 |    24 ||    44
       Buckler           |       |       |    37 ||    37
